 Dungeon Crawl Stone Soup version 0.28-a0-664-gc179e30c89 (webtiles) character file.

Game seed: 17054889683474930867

30 blank1 the Skirmisher (level 3, -1/39 HPs)
             Began as an Ogre Hunter on Oct 17, 2021.
             Succumbed to a goblin's poison
             ... on level 2 of the Dungeon.
             The game lasted 00:02:21 (1116 turns).

blank1 the Skirmisher (Ogre Hunter)                 Turns: 1116, Time: 00:02:21

Health: -1/39      AC:  3    Str: 17    XL:     3   Next: 18%
Magic:  3/3        EV: 10    Int: 12    God:
Gold:   59         SH:  0    Dex:  9    Spells: 2/2 levels left

rFire   . . .      SeeInvis .   a - +0 short sword
rCold   . . .      Faith    .   (no shield)
rNeg    + . .      Spirit   .   b - +0 robe
rPois   .          Reflect  .   (helmet restricted)
rElec   .          Harm     .   (no cloak)
rCorr   .          Rampage  .   (gloves unavailable)
Will    .....                   (boots unavailable)
Stlth   +.........              (no amulet)
HPRegen 0.13/turn               k - ring of positive energy
MPRegen 0.08/turn               (no ring)

@: lethally poisoned (-1 -> -9)
A: large, unfitting armour, tough skin 1
a: no special abilities


You were on level 2 of the Dungeon.
You visited 1 branch of the dungeon, and saw 2 of its levels.

You collected 59 gold pieces.

Inventory:

Hand Weapons
 a - a +0 short sword (weapon)
Missiles
 c - 5 large rocks (quivered)
 d - 2 throwing nets
Armour
 b - a +0 robe (worn)
Jewellery
 k - a ring of positive energy (left hand)
Scrolls
 e - a scroll of identify {unknown}
 f - a scroll of noise {unknown}
 g - 2 scrolls of torment {unknown}
 i - a scroll of blinking {unknown}
 j - a scroll of fear {unknown}
Potions
 h - a potion of brilliance {unknown}


   Skills:
 + Level 4.3 Fighting
 - Level 4.0 Throwing
 + Level 2.2 Dodging
 - Level 0.6 Stealth


You had 2 spell levels left.
You didn't know any spells.
Your spell library contained the following spells:

 Spells                   Type           Power      Damage    Failure   Level
 Apportation              Tloc           0%         N/A       32%         1
 Beastly Appendage        Tmut           0%         N/A       32%         1
 Sandblast                Erth           0%         2d4       32%         1


Dungeon Overview and Level Annotations

Branches:
Dungeon (1/15)

Altars:


Innate Abilities, Weirdness & Mutations

You are too large for most types of armour.
You have tough skin. (AC +1)


Message History

You completely miss the ball python. The kobold barely misses you.
The ball python closely misses you.
You barely miss the ball python. The goblin hits you but does no damage.
You are poisoned.
The ball python closely misses you. The kobold closely misses you.
You hit the ball python.
The ball python is moderately wounded.
You feel very sick. The ball python bites you.
The goblin hits you with a +1 dagger of venom.
You are more poisoned.
The kobold hits you with a +0 short sword.
The ball python bites you.
You feel very sick.
You feel sick.
You hit the goblin.
The goblin is moderately wounded.
You feel very sick.
The goblin hits you with a +1 dagger of venom.
You are lethally poisoned!
The goblin barely misses you.
You hit the goblin.
The goblin is severely wounded.
* * * LOW HITPOINT WARNING * * *
You feel very sick. The goblin closely misses you.
You hit the goblin.
You kill the goblin!
* * * LOW HITPOINT WARNING * * *
You feel very sick. The ball python bites you.
* * * LOW HITPOINT WARNING * * *
You closely miss the ball python.
The ball python is moderately wounded.
* * * LOW HITPOINT WARNING * * *
You feel very sick. The ball python barely misses you.
You hit the ball python.
You kill the ball python!
You die...

#.# .. #.# .. #.# #####'
#.# ...#'# #.# .##....
#############.# .......
#.............#
.......###.#############
#....K)@........
#.....##.#......
#.....##.#.#####
#.....##.# # #....###.#
#.... #.# #.### #.# ..
.#


You could see a kobold.

Vanquished Creatures
  2 dart slugs (D:1)
  2 ball pythons
  2 endoplasms (D:1)
  2 giant cockroaches (D:1)
  3 goblins
  4 hobgoblins (D:1)
  A quokka (D:1)
  4 frilled lizards (D:1)
  2 kobolds (D:1)
  3 rats (D:1)
25 creatures vanquished.

Notes
Turn   | Place    | Note
-------+----------+-------------------------------------------
     0 | D:1      | blank1 the Ogre Hunter began the quest for the Orb.
     0 | D:1      | Reached XP level 1. HP: 22/22 MP: 1/1
   189 | D:1      | Reached XP level 2. HP: 27/31 MP: 2/2
   392 | D:1      | Got An Initiation to Spellcasting
   432 | D:1      | Found a faded altar of an unknown god.
   814 | D:1      | Reached XP level 3. HP: 39/39 MP: 3/3
  1058 | D:1      | You fall into a shaft and drop 1 floor!
  1115 | D:2      | HP: 1/39 [poisoned by a goblin]
  1116 | D:2      | Succumbed to a goblin's poison

Illustrated notes

Levels and vault maps discovered:
D:1:      lightli_arrival_maybe_door_vault, layout_loops_corners,
          shapermc_ecumenical_altar_rom_forum, chequers_decorated_corner,
          serial_bayou_pond_c
D:2:      layout_basic, basic_altar, corexii_leaking_fountain,
          minmay_tromino_v4_a

Skill      XL: |  1  2 |
---------------+-------+-----
Fighting       | 3 4 |  4.3
Dodging        | 2 |  2.2
Throwing       | |  4.0
Stealth        | |  0.6

Action                   || total
-------------------------++-------
Melee: Short sword       ||    85
Throw: Large rock        ||     3
 Stab: Sleeping          ||     4
Armor: Robe              ||    22
Dodge: Dodged            ||    41

Table legend: (Time is in decaauts)
 A = Elapsed time spent in this place.
 B = Non-inter-level travel time spent in this place.
 C = Inter-level travel time spent in this place.
 D = Time resting spent in this place.
 E = Time spent auto-exploring this place.
 F = Levels seen in this place.
 G = Mean time per level.
                   A        B        C        D        E       F      G
               +--------+--------+--------+--------+--------+-----+--------+
         Total |   1130 |   1130 |      0 |      0 |    939 |   2 |  565.0 |
       Dungeon |   1130 |   1130 |      0 |      0 |    939 |   2 |  565.0 |
               +--------+--------+--------+--------+--------+-----+--------+

Top non-repeatable levels by time:
     D:1: 1072 daAuts
     D:2: 58 daAuts
